AoeStats
← SHK

Arabia

510317790Analyzed
3v3 RM · 2d ago on Sep 30, 2026· 17m 4s· 6 players
Game mode
Random Map
Map size
Normal (6 player)
Population
200
Speed
Normal
Resources
Standard
Victory
Conquest
Starting age
Dark Age
Ending age
Imperial Age
RankedLock teamsTeams togetherTeam positionsShared explorationLock speedFull tech treeHidden civsTurbo modeCheats
Victory
Defeat
🇹🇼 Franks · Taiwan
1153
+13
🇩🇪 Magyars · Germany
1149
+13
🇰🇷 Cumans · South Korea
1129
+14
🇳🇴 Italians · Norway
1176
-17
🇳🇱 Hindustanis · Netherlands
1102
-14
🇵🇰 Britons · Pakistan
961
-9
asdF
7:29 Loom
9:40 Feudal Age
10:29 Double-Bit Axe
11:22 Horse Collar
17:38 Bloodlines
SHK
1:48 Loom
11:35 Feudal Age
12:19 Double-Bit Axe
12:18 Horse Collar
18:11 Wheelbarrow
ping3026
7:06 Loom
10:05 Feudal Age
10:56 Double-Bit Axe
Atlicious
7:01 Loom
11:27 Feudal Age
14:40 Fletching
16:06 Forging
Medina90
7:14 Loom
9:25 Feudal Age
Wild Nût Buster
0:57 Loom
11:32 Feudal Age
Connection lost

Rejoining the realm…

Still unreachable

The connection could not be restored.

Session expired

The server has moved on; the page needs a fresh start.